 Dungeon Crawl Stone Soup version 0.29.0-11-gd7f09526c8 (webtiles) character file.

Game seed: 11311742789989294860

752064 Querens the Hoplite (level 27, -10/209 (234) HPs)
             Began as a Meteoran Fighter on Sept 2, 2022.
             Was the Champion of Okawaru.
             Killed from afar by Ricukhoz the pandemonium lord (31 damage)
             ... with a great icy blast
             ... in Pandemonium.
             The game lasted 03:34:15 (31506 turns).

Querens the Hoplite (Meteoran Fighter)             Turns: 31506, Time: 03:34:16

HP:   -10/209 (234) AC: 48    Str: 31 (32) XL:     27
MP:   38/38         EV: 21    Int: 21      God:    Okawaru [******]
Gold: 2889          SH: 25    Dex: 16      Spells: 37/46 levels left

rFire   + + +      SeeInvis +   P - +9 broad axe (chaos)
rCold   + + .      Faith    +   W - +5 kite shield of Intercession {Str+2 Slay+2}
rNeg    . . .      Spirit   .   N - +8 orange crystal plate armour {Archmagi, Int+3 Clar}
rPois   +          Reflect  .   K - +2 helmet {SInv}
rElec   +          Harm     .   w - +1 cloak {rPois}
rCorr   +          Rampage  .   Q - -1 pair of gloves of the Fiddle {*Slow rPois rF+++ Int-2}
Will    ++++.      Archmagi +   E - +3 pair of mountain boots {steadfast, rC+}
Stlth   .......... Clarity  +   i - amulet of faith
HPRegen 0.44/turn               k - ring of the Octopus King {Wiz HP+2 AC+2 EV+2 SH+2}
MPRegen 0.26/turn               G - +6 ring of strength

@: resistant, heroic, glowing, studying 2 skills, heavily drained
A: sense surroundings 3, otherworldly, glowing, explore regen, hooves 1,
clarity, clever 1, deformed body, deterioration 1, frail 1, strong-willed 1,
screaming 1, electricity resistance, evolution 1, MP-powered wands
}: 10/15 runes: decaying, serpentine, slimy, silver, abyssal, demonic, glowing,
magical, fiery, dark
a: Renounce Religion, Heroism, Finesse, Duel


You were in Pandemonium.
You worshipped Okawaru.
Okawaru was exalted by your worship.
You visited 9 branches of the dungeon, and saw 44 of its levels.
You visited Pandemonium 1 time, and saw 17 of its levels.
You visited the Abyss 1 time.
You visited 1 bazaar.
You also visited: Trove, Sewer and Wizlab.

You collected 7639 gold pieces.
You spent 4750 gold pieces at shops.

Inventory:

Hand Weapons
 a - the +10 war axe "Plojy" {vamp, Str+3 Int+6}
   (Okawaru gifted it to you on level 3 of the Snake Pit)

   It occasionally heals its wielder for a portion of the damage dealt when it
   wounds a living foe.
   Str:       It affects your strength (+3).
   Int:       It affects your intelligence (+6).
 v - the +14 obsidian axe {vorpal, Mesm Drain Fly SInv}
   (You found it in a treasure trove)

   It inflicts extra damage upon your enemies.
   It occasionally summons demons to assist the wielder when it strikes in
   combat.
   Its wielder is mesmerised by any visible foes.
   It cannot be unequipped while any foes are visible.
   SInv:      It lets you see invisible.
   Fly:       It grants you flight.
   Drain:     It drains your maximum health when unequipped.
 M - the +8 mithril axe "Arga" {speed, Will+}
   (You found it in a treasure trove)

   Attacks with this weapon are significantly faster.
   Will:      It increases your willpower.
 P - a +9 broad axe of chaos (weapon)
 X - the +8 hand axe of Okawaru's Hope {holy, Fragile rC+ Will+ Str+2 SInv}
   (Okawaru gifted it to you on level 1 of the Snake Pit)

   It has been blessed by the Shining One to cause great damage to the undead
   and demons.
   Str:       It affects your strength (+2).
   rC:        It protects you from cold.
   SInv:      It lets you see invisible.
   Fragile:   It will be destroyed if unequipped.
   Will:      It increases your willpower.
Armour
 h - a +1 pair of gloves of stealth
 w - a +1 cloak of poison resistance (worn)
 E - the +3 pair of mountain boots (worn) {steadfast, rC+}
   (You bought it in a shop in a bazaar)

   It prevents involuntary movement, except for blinking, teleportation, or
   banishment.
   rC:        It protects you from cold.
 K - a +2 helmet of see invisible (worn)
 N - the +8 orange crystal plate armour (worn) {Archmagi, Int+3 Clar}
   (You found it on level 1 of the Swamp)

   Int:       It affects your intelligence (+3).
   Clar:      It protects you against confusion.
 O - a +0 buckler of cold resistance
 Q - the -1 pair of gloves of the Fiddle (worn) {*Slow rPois rF+++ Int-2}
   (Okawaru gifted it to you on level 4 of the Snake Pit)

   Int:       It affects your intelligence (-2).
   rF:        It renders you almost immune to fire.
   rPois:     It protects you from poison.
   *Slow:     It may slow you when you take damage.
 W - the +5 kite shield of Intercession (worn) {Str+2 Slay+2}
   (You bought it in a shop on level 2 of the Orcish Mines)

   Str:       It affects your strength (+2).
   Slay:      It affects your accuracy & damage with ranged weapons and melee
   (+2).
Jewellery
 i - an amulet of faith (around neck)
 k - a ring of the Octopus King (left hand) {Wiz HP+2 AC+2 EV+2 SH+2}
   (You found it on level 5 of the Pits of Slime)

   [ring of wizardry]

   It improves your spell success rate.
   AC:        It affects your AC (+2).
   EV:        It affects your evasion (+2).
   HP:        It affects your health (+2).
   SH:        It affects your SH (+2).
 n - the amulet of the Four Winds {rN+ Will+++ Clar}
   (You found it on level 2 of the Depths)

   [amulet of nothing]

   rN:        It protects you from negative energy.
   Clar:      It protects you against confusion.
   Will:      It greatly increases your willpower.
 u - an amulet of regeneration
 x - a ring of flight
 F - a ring of positive energy
 G - a +6 ring of strength (right hand)
 S - a ring of protection from cold
Wands
 p - a wand of light (5)
 B - a wand of digging (6)
Scrolls
 b - 5 scrolls of immolation
 f - 6 scrolls of poison
 l - 2 scrolls of summoning
 r - 6 scrolls of magic mapping
 y - 5 scrolls of enchant weapon
 A - 13 scrolls of fear
 C - 12 scrolls of enchant armour
 H - 2 scrolls of silence
 I - 16 scrolls of teleportation
 J - 3 scrolls of amnesia
 T - 4 scrolls of blinking
 V - 9 scrolls of noise
Potions
 c - 9 potions of flight
 d - 6 potions of might
 e - 5 potions of berserk rage
 g - 5 potions of attraction
 j - 5 potions of heal wounds
 m - 3 potions of lignification
 o - 28 potions of curing
 q - 6 potions of mutation
 s - 9 potions of brilliance
 t - 6 potions of magic
 z - 8 potions of ambrosia
 D - 6 potions of cancellation
 L - 5 potions of haste
 Y - a potion of resistance


   Skills:
 + Level 23.1(27) Fighting
 + Level 24.8(27) Axes
 + Level 24.9(27) Armour
 - Level 20.4(25.4) Dodging
 + Level 25.0(27) Shields
 + Level 10.2 Spellcasting
 + Level 10.3 Transmutations
 + Level 10.3 Earth Magic
 - Level 14.0 Invocations


You had 37 spell levels left.
You knew the following spells:

 Your Spells              Type           Power      Damage    Failure   Level
a - Apportation           Tloc           32%        N/A       13%         1
b - Statue Form           Tmut/Erth      46%        N/A       26%         6
c - Wereblood             Tmut           69%        N/A       1%          2

Your spell library contained the following spells:

 Spells                   Type           Power      Damage    Failure   Level
 Sandblast                Erth           100%       2d20      1%          1
 Sting                    Tmut/Pois      100%       1d8       1%          1
 Passwall                 Tmut/Erth      57%        N/A       1%          2
 Stone Arrow              Conj/Erth      96%        3d13      4%          3
 Blade Hands              Tmut           34%        N/A       5%          5
 Lee's Rapid Deconstruct  Erth           34%        3d18*     5%          5
 Magic Dart               Conj           64%        1d6       13%         1
 Necrotise                Necr           64%        1d7       13%         1
 Slow                     Hex            64%        N/A       13%         1
 Leda's Liquefaction      Hex/Erth       24%        N/A       16%         4
 Blink                    Tloc           32%        N/A       19%         2
 Ensorcelled Hibernation  Hex/Ice        32%        N/A       19%         2
 Poisonous Vapours        Pois/Air       32%        N/A       19%         2
 Scorch                   Fire           32%        2d7       19%         2
 Sublimation of Blood     Necr           16%        N/A       19%         2
 Confusing Touch          Hex            16%        N/A       34%         3
 Dazzling Flash           Conj/Hex       32%        N/A       34%         3
 Frozen Ramparts          Ice            32%        1d5       34%         3
 Inner Flame              Hex/Fire       16%        N/A       34%         3
 Mephitic Cloud           Conj/Pois/Air  16%        N/A       34%         3
 Ozocubu's Armour         Ice            16%        N/A       34%         3
 Swiftness                Air            16%        N/A       34%         3
 Vampiric Draining        Necr           16%        2d7       34%         3
 Alistair's Intoxication  Tmut/Pois      32%        N/A       38%         5
 Borgnjor's Vile Clutch   Necr/Erth      24%        N/A       38%         5
 Yara's Violent Unravell  Hex/Tmut       24%        3d11      38%         5
 Airstrike                Air            8%         2d(2-18)  75%         4
 Cause Fear               Hex            8%         N/A       75%         4
 Corpse Rot               Necr/Pois/Air  16%        N/A       75%         4
 Dispel Undead            Necr           16%        3d10      75%         4
 Flame Wave               Conj/Fire      16%        2d7       75%         4
 Fulminant Prism          Conj/Hex       8%         3d7       75%         4
 Iskenderun's Mystic Bla  Conj/Tloc      16%        2d5       75%         4
 Olgreb's Toxic Radiance  Pois           16%        N/A       75%         4
 Passage of Golubria      Tloc           16%        N/A       75%         4
 Sticky Flame             Conj/Fire      16%        2d4       75%         4
 Dragon Form              Tmut           34%        N/A       80%         7
 Eringya's Noxious Bog    Tmut/Pois      24%        N/A       90%         6
 Iron Shot                Conj/Erth      24%        9d5       90%         6
 Agony                    Necr           16%        N/A       96%         5
 Freezing Cloud           Conj/Ice/Air   8%         6-21      96%         5
 Lightning Bolt           Conj/Air       8%         1d20      96%         5
 Metabolic Englaciation   Hex/Ice        8%         N/A       96%         5
 Silence                  Hex/Air        8%         N/A       96%         5
 Dispersal                Tloc           8%         N/A       100%        6
 Starburst                Conj/Fire      8%         6d4       100%        6
 Ozocubu's Refrigeration  Ice            8%         4d9       100%        7
 Discord                  Hex            8%         N/A       100%        8
 Disjunction              Tloc           8%         N/A       100%        8
 Ignition                 Fire           8%         3d5       100%        8
 Lehudib's Crystal Spear  Conj/Erth      24%        10d7      100%        8
 Polar Vortex             Ice            8%         N/A       100%        9
 Summon Small Mammal      Summ           Unusable   N/A       N/A         1
 Animate Armour           Summ/Erth      Unusable   N/A       N/A         4
 Call Imp                 Summ           Unusable   N/A       N/A         2
 Tukima's Dance           Hex            Unusable   N/A       N/A         3
 Animate Dead             Necr           Unusable   N/A       N/A         4
 Summon Lightning Spire   Summ/Air       Unusable   N/A       N/A         4
 Death Channel            Necr           Unusable   N/A       N/A         6
 Simulacrum               Ice/Necr       Unusable   N/A       N/A         6
 Summon Cactus Giant      Summ           Unusable   N/A       N/A         6
 Malign Gateway           Summ/Tloc      Unusable   N/A       N/A         7
 Spellforged Servitor     Conj/Summ      Unusable   N/A       N/A         7
 Summon Hydra             Summ           Unusable   N/A       N/A         7
 Dragon's Call            Summ           Unusable   N/A       N/A         9

Dungeon Overview and Level Annotations

Branches:
Dungeon (15/15) Zot: 157   Temple (1/1) D:7 Zot: 582    Lair (5/5) D:9 Zot: 55
  Swamp (4/4) Lair:3 Zot: 918   Snake (4/4) Lair:3 Zot: 263   Slime (5/5) Lair:5 Zot: 1824
    Orc (2/2) D:11 Zot: 154     Elf (0/3) Orc:2        Vaults (5/5) D:14 Zot: 0
  Crypt (0/3) Vaults:2     Depths (3/4) D:15 Zot: 203   Sewer (visited)
 WizLab (visited)

Altars:
Ashenzari
Cheibriados
Dithmenos
Elyvilon
Fedhas
Gozag
Hepliaklqana
Kikubaaqudgha
Nemelex Xobeh
Okawaru
Qazlal
Ru
Sif Muna
Trog
Uskayaw
Vehumet
Xom
Yredelemnul
Zin
The Shining One
Jiyva

Shops:
D:15 [   Orc:2 =[:(   Snake:1 [   Snake:3 !*!([   Vaults:1 (   Vaults:4 *

Portals:
Hell: Depths:1 Depths:2 Depths:3
Abyss: Depths:3
Pandemonium: Depths:1 Depths:2 Depths:3

Annotations:
Orc:1 1 runed translucent door, Sekuso's ghost, journeyman FoEE


Innate Abilities, Weirdness & Mutations

You passively map a large area around you.
You are easily found by Zot.
You glow in the dark.
You regain HP and MP as you explore.
You have large cloven feet.
You possess an exceptional clarity of mind.
Your mind is acute. (Int +4, Str/Dex -1)
Armour fits poorly on your strangely shaped body.
Your body sometimes deteriorates upon taking damage.
You are frail. (-10% HP)
You are strong-willed. (Will+)
You occasionally shout uncontrollably at your foes.
You are resistant to electric shocks. (rElec)
You have hidden genetic potential.
You expend magic power (3 MP) to strengthen your wands.


Message History

You hit Ricukhoz but do no damage.
Ricukhoz is severely wounded.
You are engulfed in negative energy.
You feel drained. You block Ricukhoz's attack.
Unknown command.
Unknown command.
You slash Ricukhoz!
Ricukhoz is severely wounded.
You are engulfed in negative energy.
You feel drained.
You hear a roar!
Ricukhoz hits you.
* * * LOW HITPOINT WARNING * * *
A smoke demon comes into view.
Unknown command.
You feel much better.
You are engulfed in negative energy.
You feel drained. Ricukhoz hits you!
* * * LOW HITPOINT WARNING * * *
You block Ricukhoz's attack.
Unknown command.
Unknown command.
Unknown command.
You feel much better.
You are engulfed in negative energy.
You feel drained. Ricukhoz barely misses you.
A chaos spawn comes into view.
Unknown command.
Unknown command.
You barely miss Ricukhoz.
Ricukhoz is severely wounded.
The chaos spawn's many legs skitter faintly.
Ricukhoz hits you!!
* * * LOW HITPOINT WARNING * * *
Your body deteriorates!
You feel weakened.
You barely miss Ricukhoz.
Ricukhoz is severely wounded.
You are engulfed in negative energy.
You feel drained.
* * * LOW HITPOINT WARNING * * *
Ricukhoz gestures at you.
Ricukhoz conjures a mighty blast of ice!
The great icy blast engulfs you!! You partially resist.
You die...

.........####..######..........##
.........# *#.## , ##..#.......#
####.#...# #.. , ,#.........## ,
*#.....# #..' #.########.#
,##....# #..', ,, #..### ..
,..##..##4.* , ,#....### * , .##
#..##°#* ##.^....# ,, *
##.#..######.....### * *,
#6&@..'....### * , #######...## ,
, , , #...#.# * , , **, #..#### *
, * * * * * #.## *, , * , * *, ,
.. , * * ** ... , ,^ ** , ....,
,, ^ , , ,


You could see Ricukhoz (strong, agile, clouds), a demonspawn black sun and a
chaos spawn.

Vanquished Creatures
  Cerebov (Pan)
  the Royal Jelly (Slime:5)
  Gloorx Vloq (Pan)
  Mnoleg (Pan)
  Lom Lobon (Pan)
  3 ancient liches
  A dread lich (Vaults:5)
  Mara (Vaults:3)
  Bai Suzhen (Snake:4)
  8 pandemonium lords (Pan)
  Frederick (Vaults:3)
  A caustic shrike (Depths:2)
  Vashnia (Snake:4)
  2 golden dragons
  Jory (Vaults:3)
  2 Tzitzimimeh (Pan)
  3 Brimstone Fiends (Pan)
  Jorgrun (Snake:2)
  A Hell Sentinel (Pan)
  7 tentacled monstrosities
  Zenata (Vaults:1)
  8 liches
  An Ice Fiend (Pan)
  3 titans (Vaults:5)
  4 quicksilver dragons (Vaults:5)
  19 acid blobs
  2 sphinxes
  A walking divine tome (Depths:2)
  23 Executioners
  Frances (Snake:2)
  2 thorn hunters (Swamp:4)
  A tentacled starspawn (Abyss:5)
  8 tengu reavers
  4 shadow dragons (Vaults:5)
  6 storm dragons
  Kirke (Lair:5)
  Donald (Snake:4)
  5 nagarajas (Snake:4)
  5 fire giants
  Roxanne (Snake:1)
  A draconian monk (Abyss:5)
  7 demonspawn warmongers (Pan)
  A fenstrider witch (Swamp:2)
  8 rockslimes
  A deep elf sorcerer (Vaults:5)
  5 azure jellies
  2 iron dragons (Vaults:5)
  6 frost giants
  13 vault wardens
  Louise (Snake:4)
  6 ghost moths (Pan)
  16 cacodemons
  21 balrugs
  2 orc warlords (Vaults:1)
  2 curse skulls (Pan)
  An angel (Pan)
  A broodmother (shapeshifter) (Vaults:5)
  12 quicksilver oozes
  Aizul (Snake:1)
  8 demonspawn blood saints (Pan)
  4 ironbound thunderhulks
  26 very ugly things
  5 demonspawn corrupters (Pan)
  3 war gargoyles
  11 reapers
  A spriggan defender (Depths:2)
  11 stone giants
  17 ironbound preservers
  A caustic shrike skeleton (Pan)
  A deep elf demonologist (Vaults:5)
  8 eleionomae
  2 deep elf annihilators (Vaults:5)
  10 demonspawn black suns (Pan)
  Azrael (D:14)
  12 lorocyprocas (Pan)
  A vampire knight (Vaults:2)
  An entropy weaver (Vaults:5)
  15 dire elephants
  3 spark wasps (Depths:2)
  6 bunyips
  2 spark wasps (shapeshifter) (Vaults:5)
  10 ettins
  14 green deaths
  2 crystal guardians (Vaults:4)
  11 blizzard demons
  2 deep elf death magi (Vaults:5)
  14 fire dragons
  Josephine (D:12)
  12 yaktaur captains
  A deep elf high priest (Vaults:5)
  A quicksilver dragon skeleton (Abyss:4)
  11 great orbs of eyes
  32 vault guards
  2 ice dragons
  A rakshasa (Depths:2)
  A salamander tyrant (Snake:2)
  8 boulder beetles
  A peacekeeper (Vaults:4)
  Erolcha (Orc:2)
  20 hydras
  7 ogre magi
  3 catoblepae
  4 ghost crabs
  10 anacondas
  6 spriggan air magi
  8 ironbound frosthearts
  5 hell beasts (Pan)
  14 centaur warriors
  6 deep troll shamans
  16 naga warriors
  2 dancing weapons (D:14)
  2 tengu warriors
  10 two-headed ogres
  5 death yaks (Lair:5)
  11 alligators
  6 deep troll earth magi
  2 spriggan berserkers (Depths:1)
  2 vampire magi
  10 shock serpents
  5 orc high priests (Orc:2)
  8 naga sharpshooters
  A thrashing horror (Abyss:5)
  Sonja (D:13)
  A deep elf knight (D:15)
  30 soul eaters
  A storm dragon zombie (Vaults:5)
  5 hell knights (Depths:1)
  3 skeletal warriors (D:14)
  3 salamander mystics
  A fire crab (shapeshifter) (D:12)
  54 sun demons
  2 fire crabs (Swamp:4)
  4 iron trolls
  19 sixfirhies
  7 goliath frogs
  8 shadow wraiths (Pan)
  6 glowing orange brains
  16 shadow demons
  53 deep trolls
  3 spriggan druids (Swamp:4)
  A phantasmal warrior (Vaults:1)
  15 swamp dragons
  2 flayed ghosts
  13 ironbound convokers
  9 lindwurms
  Pikel (D:8)
  8 wizards
  5 naga ritualists
  3 bog bodies
  2 necromancers
  13 orc knights
  5 mana vipers
  5 deep elf pyromancers
  3 wolf spiders
  An orc sorcerer (Orc:2)
  5 shining eyes
  A manticore (shapeshifter) (Depths:2)
  A deep elf zephyrmancer (D:15)
  4 will-o-the-wisps
  2 cyclopes (shapeshifter)
  19 salamanders
  38 ugly things
  2 manticores (D:11)
  8 cyclopes
  8 elephants
  17 naga magi
  8 vault sentinels
  A toenail golem (Pan)
  A guardian serpent (shapeshifter) (Depths:1)
  7 rust devils
  13 orange demons
  24 smoke demons
  A dire elephant skeleton (Pan)
  3 molten gargoyles
  36 black mambas
  9 guardian serpents
  Maggie (Lair:1)
  15 cane toads
  2 unseen horrors (Depths:3)
  11 eyes of devastation (Depths:3)
  9 hellions (Pan)
  An unseen horror (shapeshifter) (Abyss:5)
  A yaktaur zombie (Vaults:5)
  14 demonic crawlers
  24 yaktaurs
  A naga skeleton (Pan)
  5 efreet
  A yaktaur (shapeshifter) (D:13)
  4 tormentors (Pan)
  10 komodo dragons
  3 tengu conjurers
  11 hellwings (Pan)
  2 freezing wraiths
  5 trolls
  3 ice devils
  2 ancient zymes
  6 red devils (Pan)
  3 polar bears
  A polar bear (shapeshifter) (Abyss:5)
  A meliai (D:12)
  9 blink frogs
  A raiju (shapeshifter) (D:14)
  Prince Ribbit (D:5)
  5 tyrant leeches
  2 raiju
  3 hornets
  58 slime creatures
  11 dream sheep (Lair:5)
  A harpy skeleton (Pan)
  A flying skull (Abyss:5)
  A spriggan (shapeshifter) (Vaults:5)
  18 ynoxinuls
  2 ettin skeletons
  Eustachio (D:4)
  A shadow (D:11)
  5 vampires
  80 yaks
  4 wyverns (Lair:5)
  4 basilisks
  7 wraiths
  3 hogs (Lair:5)
  5 fire bats
  4 starcursed masses (Abyss:2)
  3 fire elementals (D:14)
  2 black mamba skeletons
  10 golden eyes
  15 neqoxecs
  7 steam dragons
  28 chaos spawn
  Menkaure (D:7)
  10 vampire mosquitoes
  8 wargs
  39 nagas
  2 acid dragons
  15 swamp worms
  34 large abominations
  2 floating eyes
  12 water moccasins
  5 hell hounds
  36 orc warriors
  A black bear (D:6)
  13 swamp drakes
  A glowing shapeshifter skeleton (Vaults:5)
  An ettin simulacrum (Vaults:5)
  4 sky beasts
  6 ogres
  3 lemures (D:8)
  6 centaurs
  11 wolves (Lair:4)
  5 kobold brigands
  6 small abominations
  13 bullfrogs
  4 gnoll sergeants
  2 scorpions
  17 wights
  6 killer bees (D:8)
  2 electric eels
  2 howler monkeys
  3 lava snakes (Lair:5)
  A gnoll bouda (D:8)
  2 quasits (D:4)
  Crazy Yiuf (D:3)
  2 jellies
  31 orc priests
  5 hounds
  5 iguanas
  14 orc wizards
  24 gnolls
  8 adders
  3 river rats (Sewer)
  3 shadow imps
  5 white imps
  3 ufetubi
  2 worms
  5 dart slugs
  79 orcs
  6 ball pythons
  6 endoplasms
  4 giant cockroaches
  5 goblins
  5 hobgoblins
  8 jackals
  24 kobolds
  4 quokkas
  6 bats
  8 frilled lizards
  10 rats
  12 briar patches (Swamp:4)
2180 creatures vanquished.

Vanquished Creatures (others)
  Asterion (Snake:4)
  An iron dragon (Vaults:5)
  2 demonspawn blood saints (Pan)
  A green death (Pan)
  A fire dragon (Abyss:5)
  An alligator (Swamp:3)
  A sun demon (Pan)
  A smoke demon (Pan)
  2 bloated husks
  A neqoxec (Pan)
  2 swamp drakes
  An ogre (Vaults:5)
  6 ball lightnings (Pan)
  2 briar patches (Swamp:4)
  3 demonic plants (D:4)
  14 foxfires
  15 fungi
  22 plants
  2 starspawn tentacles (Pan)
  A withered plant (D:1)
80 creatures vanquished.

Grand Total: 2260 creatures vanquished

Notes
Turn   | Place    | Note
-------+----------+-------------------------------------------
     0 | D:1      | Querens the Meteoran Fighter began the quest for the Orb.
     0 | D:1      | Reached XP level 1. HP: 19/19 MP: 2/2
    54 | D:1      | Reached XP level 2. HP: 21/26 MP: 3/3
   275 | D:1      | Reached XP level 3. HP: 31/31 MP: 4/4
   280 | D:1      | Found a faded altar of an unknown god.
   300 | D:1      | Reached skill level 4 in Shields
   672 | D:2      | Reached XP level 4. HP: 38/40 MP: 5/5
  1091 | D:3      | Found a glowing silver altar of Zin.
  1165 | D:3      | Reached XP level 5. HP: 46/46 MP: 6/6
  1285 | D:3      | Identified the +8 hand axe of a treasure trove {vorpal,
                  | Drain rPois Will+ Dex+9}
  1364 | D:3      | Found a runed translucent door.
  1365 | D:3      | Noticed Crazy Yiuf
  1374 | D:3      | Killed Crazy Yiuf
  1480 | D:4      | Reached XP level 6. HP: 29/53 MP: 7/7
  1560 | D:4      | Noticed Eustachio
  1570 | D:4      | Killed Eustachio
  1571 | D:4      | Reached skill level 5 in Armour
  1571 | D:4      | Reached skill level 5 in Shields
  1571 | D:4      | Reached XP level 7. HP: 59/60 MP: 8/8
  1745 | D:4      | Reached skill level 5 in Fighting
  1935 | D:4      | Reached skill level 5 in Axes
  2043 | D:5      | Entered Level 5 of the Dungeon
  2146 | D:5      | Noticed Prince Ribbit
  2163 | D:5      | Killed Prince Ribbit
  2164 | D:5      | Reached skill level 6 in Shields
  2164 | D:5      | Reached XP level 8. HP: 61/69 MP: 6/9
  2176 | D:5      | Found an iron altar of Okawaru.
  2186 | D:5      | Found a sacrificial altar of Ru.
  2186 | D:5      | Found a shimmering altar of Xom.
  2186 | D:5      | Found a bloodstained altar of Trog.
  2187 | D:5      | Found a white marble altar of Elyvilon.
  2188 | D:5      | Found a shadowy altar of Dithmenos.
  2189 | D:5      | Found a broken altar of Ashenzari.
  2190 | D:5      | Found a snail-covered altar of Cheibriados.
  2208 | D:5      | Became a worshipper of Warmaster Okawaru
  2299 | D:5      | Reached skill level 1 in Invocations
  2305 | D:5      | Found a glowing drain.
  2310 | Sewer    | Entered a sewer
  2669 | D:5      | Found a basalt altar of Yredelemnul.
  2894 | D:6      | Identified the ring of Kaestrahe {Will+ Int+6 Stlth+}
  2910 | D:6      | Reached * piety under Okawaru
  3071 | D:6      | Gained mutation: You passively map the area around you.
                  | [Meteoran growth]
  3071 | D:6      | Reached XP level 9. HP: 75/75 MP: 10/12
  3116 | D:6      | Reached skill level 7 in Shields
  3177 | D:6      | Reached ** piety under Okawaru
  3630 | D:6      | Identified 2 scrolls of acquirement
  3703 | D:7      | Found a staircase to the Ecumenical Temple.
  3710 | Temple   | Entered the Ecumenical Temple
  3770 | D:7      | Reached *** piety under Okawaru
  3777 | D:7      | Noticed Menkaure
  3782 | D:7      | Killed Menkaure
  3783 | D:7      | Reached skill level 5 in Invocations
  3787 | D:7      | Reached XP level 10. HP: 75/86 MP: 14/14
  3855 | D:7      | Reached skill level 8 in Shields
  3926 | D:7      | Found the +7 staff of the Meek {protect, meekguard}
  4170 | D:8      | Reached **** piety under Okawaru
  4487 | D:8      | Reached skill level 9 in Shields
  4669 | D:8      | Noticed Pikel
  4680 | D:8      | Killed Pikel
  4680 | D:8      | Reached ***** piety under Okawaru
  4681 | D:8      | Reached XP level 11. HP: 77/95 MP: 14/17
  4864 | D:8      | Glimpsed the power of Zot.
  4914 | D:8      | Glimpsed the power of Zot.
  4954 | D:8      | Glimpsed the power of Zot.
  4964 | D:8      | Touched by the power of Zot.
  5134 | D:9      | Found a staircase to the Lair.
  5391 | D:9      | Identified the +1 ring mail "Ylahee Aniel" {rElec} (Okawaru
                  | gifted it to you on level 9 of the Dungeon)
  5391 | D:9      | Received a gift from Okawaru
  5466 | D:10     | Entered Level 10 of the Dungeon
  5525 | D:10     | Reached skill level 10 in Armour
  5531 | D:10     | Reached skill level 10 in Shields
  5721 | D:10     | Found Cemea's General Store.
  5799 | D:10     | Noticed a two-headed ogre
  5818 | D:10     | Killed a two-headed ogre
  5835 | D:10     | Acquired 1204 gold pieces
  5837 | D:10     | Acquired 722 gold pieces
  5920 | D:10     | Reached skill level 10 in Axes
  5920 | D:10     | Reached XP level 12. HP: 78/105 MP: 17/19
  6203 | D:11     | Noticed a boulder beetle
  6207 | D:11     | a boulder beetle changed into a slime creature
  6268 | D:11     | Found a staircase to the Orcish Mines.
  6518 | D:11     | Reached skill level 10 in Fighting
  6519 | D:11     | Identified the +7 plate armour of Quduylar {Int+7} (Okawaru
                  | gifted it to you on level 11 of the Dungeon)
  6519 | D:11     | Received a gift from Okawaru
  6660 | D:11     | Reached skill level 11 in Shields
  6739 | D:11     | Reached ****** piety under Okawaru
  6740 | D:11     | Reached skill level 10 in Invocations
  6775 | D:11     | Noticed a deep elf pyromancer
  6788 | D:11     | Killed a deep elf pyromancer
  6889 | Orc:1    | Entered Level 1 of the Orcish Mines
  6980 | Orc:1    | Found a runed translucent door.
  6980 | Orc:1    | Found a shimmering altar of Xom.
  6980 | Orc:1    | Noticed Sekuso's ghost (journeyman FoEE)
  6981 | Orc:1    | Noticed a +0 quarterstaff of chaos
  7105 | Orc:2    | Entered Level 2 of the Orcish Mines
  7125 | Orc:2    | Found a staircase to the Elven Halls.
  7430 | Orc:2    | Noticed Erolcha
  7445 | Orc:2    | Killed Erolcha
  7446 | Orc:2    | Reached XP level 13. HP: 98/114 MP: 15/21
  7609 | Orc:2    | Reached skill level 12 in Shields
  7631 | Orc:2    | Identified the +1 buckler of the Doldrums {Drain rElec rF+
                  | SInv} (Okawaru gifted it to you on level 2 of the Orcish
                  | Mines)
  7631 | Orc:2    | Received a gift from Okawaru
  7649 | Orc:2    | Found Orejaf's Armour Shoppe.
  7649 | Orc:2    | Found Bownij's Jewellery Shoppe.
  7650 | Orc:2    | Found Jalag's Weapon Shoppe.
  7650 | Orc:2    | Found Pakhlop's Book Emporium.
  7665 | Orc:2    | Bought the +5 kite shield of Intercession {Str+2 Slay+2}
                  | for 736 gold pieces
  8129 | Lair:1   | Entered Level 1 of the Lair of Beasts
  8237 | Lair:1   | Noticed a four-headed hydra
  8255 | Lair:1   | Killed a 16-headed hydra
  8330 | Lair:1   | Noticed Maggie
  8337 | Lair:1   | Killed Maggie
  8357 | Lair:1   | Noticed a seven-headed hydra
  8372 | Lair:1   | Killed a 12-headed hydra
  8373 | Lair:1   | Reached XP level 14. HP: 119/125 MP: 18/24
  8637 | Lair:1   | Glimpsed the power of Zot.
  8692 | Lair:2   | Identified the +2 robe of Hisifiampy {Will+} (Okawaru
                  | gifted it to you on level 2 of the Lair of Beasts)
  8692 | Lair:2   | Received a gift from Okawaru
  8887 | Lair:2   | Reached skill level 1 in Dodging
  8896 | Lair:2   | Reached skill level 13 in Shields
  9401 | Lair:3   | Found a staircase to the Snake Pit.
  9520 | Lair:3   | Found a staircase to the Swamp.
  9612 | Lair:3   | Got the Spellbook of the Hot Blizzard
  9750 | Lair:4   | Identified the +0 buckler "Viciynle" {Will++ Regen+ Dex+3}
                  | (Okawaru gifted it to you on level 4 of the Lair of Beasts)
  9750 | Lair:4   | Received a gift from Okawaru
  9797 | Lair:4   | Identified the +1 war axe "Niemuitu" {flame, rPois SInv}
 10092 | Lair:4   | Reached XP level 15. HP: 134/134 MP: 25/25
 10280 | Lair:5   | Entered Level 5 of the Lair of Beasts
 10324 | Lair:5   | Reached skill level 5 in Dodging
 10424 | Lair:5   | Found a viscous altar of Jiyva.
 10424 | Lair:5   | Found a staircase to the Slime Pits.
 10456 | Lair:5   | Noticed Kirke
 10470 | Lair:5   | Killed Kirke
 10470 | Lair:5   | Identified the +1 robe of the Catfish {Harm Int+3} (Okawaru
                  | gifted it to you on level 5 of the Lair of Beasts)
 10470 | Lair:5   | Received a gift from Okawaru
 10473 | Lair:5   | Reached skill level 14 in Shields
 10902 | Lair:5   | Reached XP level 16. HP: 139/144 MP: 27/27
 10916 | Lair:5   | Found a large runed translucent door.
 10916 | Lair:5   | Found a large runed translucent door.
 10968 | Lair:5   | Received a gift from Okawaru
 11062 | Snake:1  | Entered Level 1 of the Snake Pit
 11190 | Snake:1  | Found Pubuapn's Antique Armour Emporium.
 11224 | Snake:1  | Bought a glowing cloak for 232 gold pieces
 11224 | Snake:1  | Bought a smoking plate armour for 868 gold pieces
 11224 | Snake:1  | Identified the +6 plate armour of Negligence {Str-4 Int+7}
                  | (You bought it in a shop on level 1 of the Snake Pit)
 11364 | Snake:1  | Identified Roxanne's Folio of the Mountains
 11364 | Snake:1  | Noticed Roxanne
 11425 | Snake:1  | Identified the +8 hand axe of Okawaru's Hope {holy, Fragile
                  | rC+ Will+ Str+2 SInv} (Okawaru gifted it to you on level 1
                  | of the Snake Pit)
 11425 | Snake:1  | Received a gift from Okawaru
 11584 | Snake:1  | Noticed Aizul
 11595 | Snake:1  | Killed Aizul
 11601 | Snake:1  | Glimpsed the power of Zot.
 11631 | Snake:1  | Killed Roxanne
 11670 | Snake:1  | Glimpsed the power of Zot.
 11704 | Snake:1  | Identified the +9 morningstar of Crawling {speed, *Corrode
                  | rN++ Dex+4} (Okawaru gifted it to you on level 1 of the
                  | Snake Pit)
 11704 | Snake:1  | Received a gift from Okawaru
 11705 | Snake:1  | Reached skill level 15 in Armour
 11716 | Snake:1  | Glimpsed the power of Zot.
 11726 | Snake:1  | Touched by the power of Zot.
 11807 | Snake:2  | Noticed Jorgrun
 11812 | Snake:2  | Reached skill level 15 in Shields
 11818 | Snake:2  | Killed Jorgrun
 12047 | Snake:2  | Received a gift from Okawaru
 12074 | Snake:2  | Reached skill level 15 in Axes
 12154 | Snake:2  | Noticed Frances
 12168 | Snake:2  | Killed Frances
 12195 | Snake:2  | Reached XP level 17. HP: 149/152 MP: 28/28
 12355 | Snake:3  | Found Ehacyng's Armour Boutique.
 12360 | Snake:3  | HP: 7/152 [shock serpent/bolt of electricity (23)]
 12457 | Snake:3  | Identified the +10 war axe "Plojy" {vamp, Str+3 Int+6}
                  | (Okawaru gifted it to you on level 3 of the Snake Pit)
 12457 | Snake:3  | Received a gift from Okawaru
 12527 | Snake:3  | Found Zuoxon's Weapon Shoppe.
 12529 | Snake:3  | Found Sykur's Distillery.
 12532 | Snake:3  | Found Afrear's General Store.
 12591 | Snake:3  | Bought a potion of curing for 33 gold pieces
 12591 | Snake:3  | Bought a potion of cancellation for 88 gold pieces
 12591 | Snake:3  | Bought a potion of might for 44 gold pieces
 12591 | Snake:3  | Bought a potion of curing for 33 gold pieces
 12591 | Snake:3  | Bought 2 potions of curing for 66 gold pieces
 12591 | Snake:3  | Bought a potion of mutation for 88 gold pieces
 12591 | Snake:3  | Bought a potion of lignification for 33 gold pieces
 12593 | Snake:3  | Bought a potion of curing for 51 gold pieces
 12593 | Snake:3  | Bought a scroll of fear for 68 gold pieces
 12593 | Snake:3  | Bought a wand of digging (6) for 428 gold pieces
 12593 | Snake:3  | Bought a potion of degeneration for 17 gold pieces
 12635 | Snake:3  | Found Firghynk's Distillery.
 12654 | Snake:3  | Bought a potion of curing for 48 gold pieces
 12654 | Snake:3  | Bought a potion of mutation for 128 gold pieces
 12654 | Snake:3  | Bought a potion of heal wounds for 80 gold pieces
 12654 | Snake:3  | Bought 2 potions of haste for 320 gold pieces
 12654 | Snake:3  | Bought a potion of might for 64 gold pieces
 12654 | Snake:3  | Bought 2 potions of might for 128 gold pieces
 12654 | Snake:3  | Bought a potion of haste for 160 gold pieces
 12654 | Snake:3  | Bought a potion of curing for 48 gold pieces
 12682 | Snake:3  | Received a gift from Okawaru
 12884 | Snake:3  | Reached skill level 10 in Dodging
 12940 | Snake:4  | Entered Level 4 of the Snake Pit
 12950 | Snake:4  | Reached skill level 16 in Shields
 13093 | Snake:4  | Noticed Asterion
 13108 | Snake:4  | Killed Asterion
 13253 | Snake:4  | Noticed Bai Suzhen
 13269 | Snake:4  | Identified the -1 pair of gloves of the Fiddle {*Slow rPois
                  | rF+++ Int-2} (Okawaru gifted it to you on level 4 of the
                  | Snake Pit)
 13269 | Snake:4  | Received a gift from Okawaru
 13276 | Snake:4  | Killed Bai Suzhen
 13277 | Snake:4  | Reached skill level 15 in Fighting
 13332 | Snake:4  | Gained mutation: You passively map a large area around you.
                  | [Meteoran growth]
 13332 | Snake:4  | Reached XP level 18. HP: 159/163 MP: 29/29
 13372 | Snake:4  | Noticed Donald
 13387 | Snake:4  | Killed Donald
 13393 | Snake:4  | Noticed Louise
 13401 | Snake:4  | Noticed Vashnia
 13405 | Snake:4  | Killed Louise
 13405 | Snake:4  | Identified the +1 pair of gloves of Compression {Harm rN+
                  | Str-4 Int+7} (Okawaru gifted it to you on level 4 of the
                  | Snake Pit)
 13405 | Snake:4  | Received a gift from Okawaru
 13411 | Snake:4  | Killed Vashnia
 13480 | Snake:4  | Got a serpentine rune of Zot
 13686 | Swamp:1  | Entered Level 1 of the Swamp
 13686 | Swamp:1  | Found the +8 orange crystal plate armour {Archmagi, Int+3
                  | Clar}
 13811 | Swamp:1  | Reached skill level 17 in Shields
 13975 | Swamp:1  | Received a gift from Okawaru
 14064 | Swamp:2  | Reached XP level 19. HP: 112/172 MP: 30/30
 14382 | Swamp:3  | Learned a level 1 spell: Apportation
 14413 | Swamp:3  | Found a broken altar of Ashenzari.
 14649 | Swamp:4  | Entered Level 4 of the Swamp
 14701 | Swamp:4  | Identified the +7 broad axe of the Nexus {vamp, Int+6}
                  | (Okawaru gifted it to you on level 4 of the Swamp)
 14701 | Swamp:4  | Received a gift from Okawaru
 14784 | Swamp:4  | Got a decaying rune of Zot
 14882 | Swamp:4  | Noticed a tentacled monstrosity
 14898 | Swamp:4  | Killed a tentacled monstrosity
 14910 | Swamp:4  | Received a gift from Okawaru
 15364 | Slime:1  | Entered Level 1 of the Pits of Slime
 15375 | Slime:1  | Noticed an acid blob
 15385 | Slime:1  | Killed an acid blob
 15389 | Slime:1  | Reached skill level 18 in Shields
 15392 | Slime:1  | Gained mutation: You have supernaturally acute eyesight.
                  | (SInv) [a shining eye]
 15395 | Slime:1  | Gained mutation: You occasionally lose the ability to read
                  | scrolls when taking damage. [a shining eye]
 15398 | Slime:1  | Reached XP level 20. HP: 182/182 MP: 31/31
 15400 | Slime:1  | Gained mutation: Your spells are a little easier to cast,
                  | but a little less powerful. [a shining eye]
 15401 | Slime:1  | Gained mutation: You occasionally shout uncontrollably at
                  | your foes. [a shining eye]
 15404 | Slime:1  | Lost mutation: You occasionally shout uncontrollably at
                  | your foes. [a shining eye]
 15541 | Slime:2  | Gained mutation: You are dopey. (Int -2) [a shining eye]
 15549 | Slime:2  | Gained mutation: Your body sometimes deteriorates upon
                  | taking damage. [a shining eye]
 15550 | Slime:2  | Identified the +2 ring mail "Ammer" {-Tele rN+ Dex+2}
                  | (Okawaru gifted it to you on level 2 of the Pits of Slime)
 15550 | Slime:2  | Received a gift from Okawaru
 16077 | Slime:3  | Gained mutation: Armour fits poorly on your strangely
                  | shaped body. [a shining eye]
 16099 | Slime:5  | Entered Level 5 of the Pits of Slime
 16402 | Slime:5  | Received a gift from Okawaru
 16421 | Slime:5  | Lost mutation: You occasionally lose the ability to read
                  | scrolls when taking damage. [potion of mutation]
 16421 | Slime:5  | Lost mutation: You are dopey. (Int -2) [potion of mutation]
 16421 | Slime:5  | Lost mutation: Armour fits poorly on your strangely shaped
                  | body. [potion of mutation]
 16421 | Slime:5  | Gained mutation: You sometimes lose your temper in combat.
                  | [potion of mutation]
 16421 | Slime:5  | Gained mutation: You are clumsy. (Dex -2) [potion of
                  | mutation]
 16421 | Slime:5  | Gained mutation: You expend magic power (3 MP) to
                  | strengthen your wands. [potion of mutation]
 16421 | Slime:5  | Lost mutation: You sometimes lose your temper in combat.
                  | [potion of mutation]
 16436 | Slime:5  | Found a viscous altar of Jiyva.
 16436 | Slime:5  | Noticed the Royal Jelly
 16451 | Slime:5  | Killed the Royal Jelly
 16458 | Slime:5  | Reached XP level 21. HP: 192/192 MP: 26/32
 16479 | Slime:5  | Found the ring of the Octopus King
 16491 | Slime:5  | Identified the +13 chain mail "Cifiaran" {Slay+2}
 16537 | Slime:5  | Identified the +3 hand axe "Gidghuem" {vorpal, rElec rC+}
 16551 | Slime:5  | Got a slimy rune of Zot
 16572 | Slime:5  | Identified a ring of the Octopus King {Wiz HP+2 AC+2 EV+2
                  | SH+2}
 16599 | Slime:5  | Identified the +9 short sword of Oschinuck {holy, rCorr}
 16704 | Lair:3   | Glimpsed the power of Zot.
 16895 | D:12     | Noticed Josephine
 16901 | D:12     | Killed Josephine
 16921 | D:12     | Reached skill level 19 in Shields
 17104 | D:12     | Found an iron altar of Okawaru.
 17655 | D:13     | Noticed Sonja
 17665 | D:13     | Killed Sonja
 17874 | D:14     | Received a gift from Okawaru
 17905 | D:14     | Noticed Azrael
 17927 | D:14     | Killed Azrael
 18210 | D:14     | Reached skill level 15 in Dodging
 18413 | D:15     | Entered Level 15 of the Dungeon
 18413 | D:15     | Found Booschey's Antique Armour Boutique.
 18438 | D:15     | Identified the +4 lajatang of Accidental Termination
                  | {distort, rCorr Int-5 Dex+8} (Okawaru gifted it to you on
                  | level 15 of the Dungeon)
 18438 | D:15     | Received a gift from Okawaru
 18629 | D:15     | Found a staircase to the Depths.
 18894 | D:15     | Found a stormy altar of Qazlal.
 19022 | D:14     | Found a gate to the Vaults.
 19190 | D:14     | Glimpsed the power of Zot.
 19240 | D:14     | Glimpsed the power of Zot.
 19280 | D:14     | Glimpsed the power of Zot.
 19290 | D:14     | Touched by the power of Zot.
 19391 | D:14     | Glimpsed the power of Zot.
 19438 | Depths:1 | Entered Level 1 of the Depths
 19463 | Depths:1 | Reached XP level 22. HP: 138/140 MP: 33/33
 19511 | Depths:1 | Identified the +1 scale mail of Knowledge {Will++} (Okawaru
                  | gifted it to you on level 1 of the Depths)
 19511 | Depths:1 | Received a gift from Okawaru
 19512 | Depths:1 | Found a gateway to Hell.
 19596 | Depths:1 | Found a one-way gate leading to the halls of Pandemonium.
 19803 | Depths:1 | Found a sacrificial altar of Ru.
 19857 | Depths:1 | Identified the +9 quarterstaff "Barphisu" {vamp, rF+ rCorr
                  | Str+8 Dex-5}
 19885 | Depths:1 | Noticed a golden dragon
 19900 | Depths:1 | Killed a golden dragon
 19930 | Depths:1 | Got Sif Muna's Essays on Helpful Clay
 19986 | Depths:1 | Glimpsed the power of Zot.
 20014 | D:15     | Glimpsed the power of Zot.
 20053 | D:14     | Glimpsed the power of Zot.
 20063 | D:14     | Touched by the power of Zot.
 20164 | D:14     | Glimpsed the power of Zot.
 20214 | D:14     | Glimpsed the power of Zot.
 20252 | Vaults:1 | Entered Level 1 of the Vaults
 20255 | Vaults:1 | Found Yrghyg Equ's Assorted Antiques.
 20299 | Vaults:1 | Received a gift from Okawaru
 20404 | Vaults:1 | Reached skill level 20 in Shields
 20485 | Vaults:1 | Found Foqoluof's Antique Weapon Emporium.
 20676 | Vaults:1 | Received a gift from Okawaru
 20679 | Vaults:1 | Noticed Zenata
 20785 | Vaults:1 | Killed Zenata
 20833 | Vaults:1 | Glimpsed the power of Zot.
 20885 | Vaults:1 | Glimpsed the power of Zot.
 20929 | Vaults:1 | Glimpsed the power of Zot.
 20939 | Vaults:1 | Touched by the power of Zot.
 21042 | Vaults:2 | Reached XP level 23. HP: 127/141 MP: 34/34
 21191 | Vaults:2 | Identified the +6 chain mail of the Invisible Hand {Int+4}
                  | (Okawaru gifted it to you on level 2 of the Vaults)
 21191 | Vaults:2 | Received a gift from Okawaru
 21254 | Vaults:2 | Found a staircase to the Crypt.
 21345 | Vaults:2 | Found a gateway to a bazaar.
 21353 | Bazaar   | Entered a bazaar
 21367 | Bazaar   | Found Banlim's Jewellery Emporium.
 21384 | Bazaar   | Found Sianoips's Book Emporium.
 21384 | Bazaar   | Found Etuas's Magic Scroll Shoppe.
 21405 | Bazaar   | Found Yssuaw's General Store.
 21405 | Bazaar   | Found Uraycus's Magic Scroll Shoppe.
 21426 | Bazaar   | Found Kefunont's Armour Shoppe.
 21436 | Bazaar   | Bought the +3 pair of mountain boots {steadfast, rC+} for
                  | 268 gold pieces
 21436 | Bazaar   | Found the +3 pair of mountain boots {steadfast, rC+}
 21478 | Bazaar   | Bought a scroll of teleportation for 36 gold pieces
 21478 | Bazaar   | Bought a scroll of teleportation for 36 gold pieces
 21478 | Bazaar   | Bought a scroll of enchant armour for 90 gold pieces
 21478 | Bazaar   | Bought a scroll of magic mapping for 90 gold pieces
 21484 | Bazaar   | Bought a scroll of enchant weapon for 60 gold pieces
 21484 | Bazaar   | Bought a scroll of enchant armour for 60 gold pieces
 21498 | Bazaar   | Bought a scroll of teleportation for 27 gold pieces
 21498 | Bazaar   | Bought a scroll of teleportation for 27 gold pieces
 21498 | Bazaar   | Bought a scroll of brand weapon for 85 gold pieces
 21859 | Vaults:2 | Glimpsed the power of Zot.
 21912 | Vaults:2 | Glimpsed the power of Zot.
 22257 | Vaults:3 | Found a portal to a secret trove of treasure.
 22290 | Vaults:3 | Noticed Mara
 22296 | Vaults:3 | Noticed Querens's illusion
 22310 | Vaults:3 | Killed Mara
 22479 | Vaults:3 | Received a gift from Okawaru
 22503 | Vaults:3 | Noticed Frederick
 22503 | Vaults:3 | Glimpsed the power of Zot.
 22513 | Vaults:3 | Killed Frederick
 22557 | Vaults:3 | Glimpsed the power of Zot.
 22573 | Vaults:3 | Noticed Jory
 22593 | Vaults:3 | Killed Jory
 22602 | Vaults:3 | Glimpsed the power of Zot.
 22613 | Vaults:3 | Touched by the power of Zot.
 22714 | Vaults:3 | Glimpsed the power of Zot.
 22732 | Vaults:4 | Got the Compendium of Glamour and the Crypt
 22733 | Vaults:4 | Lost mutation: Your body sometimes deteriorates upon taking
                  | damage. [potion of mutation]
 22733 | Vaults:4 | Lost mutation: You are clumsy. (Dex -2) [potion of
                  | mutation]
 22733 | Vaults:4 | Gained mutation: You have sharp toenails. [potion of
                  | mutation]
 22733 | Vaults:4 | Gained mutation: Potions are less effective at restoring
                  | your health. [potion of mutation]
 22733 | Vaults:4 | Gained mutation: You have hidden genetic potential. [potion
                  | of mutation]
 22733 | Vaults:4 | Gained mutation: You possess an exceptional clarity of
                  | mind. [potion of mutation]
 22744 | Vaults:4 | Received a gift from Okawaru
 22764 | Vaults:4 | Found a magical portal.
 22769 | WizLab   | Entered Doroklohe's Tomb
 22998 | WizLab   | Identified the +0 helmet of the Evening {Will+} (Okawaru
                  | gifted it to you in a wizard's laboratory)
 22998 | WizLab   | Received a gift from Okawaru
 23077 | WizLab   | Reached skill level 21 in Shields
 23249 | Vaults:4 | Reached XP level 24. HP: 196/196 MP: 34/34
 23424 | Vaults:4 | Found Voaxkipe's General Store.
 23432 | Vaults:4 | Bought a scroll of enchant armour for 90 gold pieces
 23432 | Vaults:4 | Bought a potion of resistance for 120 gold pieces
 23668 | Vaults:4 | Lost mutation: You have sharp toenails. [potion of
                  | mutation]
 23668 | Vaults:4 | Lost mutation: You have supernaturally acute eyesight.
                  | (SInv) [potion of mutation]
 23668 | Vaults:4 | Gained mutation: You have a pair of small horns on your
                  | head. [potion of mutation]
 23669 | Vaults:4 | Lost mutation: You expend magic power (3 MP) to strengthen
                  | your wands. [potion of mutation]
 23669 | Vaults:4 | Lost mutation: Potions are less effective at restoring your
                  | health. [potion of mutation]
 23669 | Vaults:4 | Gained mutation: You do not regenerate when monsters are
                  | visible. [potion of mutation]
 23670 | Vaults:4 | Lost mutation: You possess an exceptional clarity of mind.
                  | [potion of mutation]
 23670 | Vaults:4 | Lost mutation: You do not regenerate when monsters are
                  | visible. [potion of mutation]
 23670 | Vaults:4 | Lost mutation: You have a pair of small horns on your head.
                  | [potion of mutation]
 23670 | Vaults:4 | Gained mutation: You have large cloven feet. [potion of
                  | mutation]
 23670 | Vaults:4 | Gained mutation: You expend magic power (3 MP) to
                  | strengthen your wands. [potion of mutation]
 23680 | Vaults:5 | Entered Level 5 of the Vaults
 23688 | Vaults:5 | Noticed an ancient lich
 23704 | Vaults:5 | Identified the +4 chain mail of a Million Continents {rC+}
                  | (Okawaru gifted it to you on level 5 of the Vaults)
 23704 | Vaults:5 | Received a gift from Okawaru
 23708 | Vaults:5 | Noticed an ancient lich
 23715 | Vaults:5 | Killed an ancient lich
 23739 | Vaults:5 | Killed an ancient lich
 23749 | Vaults:5 | Gained mutation: You have a pair of small horns on your
                  | head. [hidden potential]
 23818 | Vaults:5 | Reached XP level 25. HP: 231/231 MP: 34/34
 23865 | Vaults:5 | Identified the +0 robe of Foolhardiness {rC+ Will++ Stlth+}
                  | (Okawaru gifted it to you on level 5 of the Vaults)
 23865 | Vaults:5 | Received a gift from Okawaru
 23885 | Vaults:5 | Got the Lectures on Coordinates
 24084 | Vaults:5 | Noticed a dread lich
 24121 | Vaults:5 | Reached skill level 22 in Shields
 24251 | Vaults:5 | Received a gift from Okawaru
 24511 | Vaults:5 | Glimpsed the power of Zot.
 24528 | Vaults:5 | Got a silver rune of Zot
 24557 | Vaults:5 | Got the Papyrus of the Transforming Mountains
 24563 | Vaults:5 | Glimpsed the power of Zot.
 24607 | Vaults:5 | Glimpsed the power of Zot.
 24618 | Vaults:5 | Gained mutation: Your system is resistant to poisons.
                  | (rPois) [hidden potential]
 24618 | Vaults:5 | Lost mutation: You have hidden genetic potential. [hidden
                  | potential expressed]
 24619 | Vaults:5 | Touched by the power of Zot.
 24645 | Vaults:5 | Killed a dread lich
 24744 | Vaults:4 | Glimpsed the power of Zot.
 24748 | Vaults:4 | Lost mutation: You have a pair of small horns on your head.
                  | [potion of mutation]
 24748 | Vaults:4 | Lost mutation: Your spells are a little easier to cast, but
                  | a little less powerful. [potion of mutation]
 24748 | Vaults:4 | Lost mutation: Your system is resistant to poisons. (rPois)
                  | [potion of mutation]
 24748 | Vaults:4 | Gained mutation: You have a pair of small antennae on your
                  | head. [potion of mutation]
 24748 | Vaults:4 | Lost mutation: You expend magic power (3 MP) to strengthen
                  | your wands. [potion of mutation]
 24748 | Vaults:4 | Gained mutation: You are resistant to electric shocks.
                  | (rElec) [potion of mutation]
 24789 | Vaults:3 | You paid a toll of 7 potions of haste to enter a treasure
                  | trove
 24790 | Trove    | Entered a treasure trove
 24792 | Trove    | Found the +14 obsidian axe {vorpal, Mesm Drain Fly SInv}
 24793 | Trove    | Found the +8 mithril axe "Arga" {speed, Will+}
 24820 | Vaults:3 | Glimpsed the power of Zot.
 24860 | Vaults:1 | Glimpsed the power of Zot.
 24871 | D:14     | Glimpsed the power of Zot.
 24882 | D:14     | Touched by the power of Zot.
 24952 | Depths:1 | Glimpsed the power of Zot.
 25016 | Depths:2 | Received a gift from Okawaru
 25125 | Depths:2 | Found the amulet of the Four Winds {rN+ Will+++ Clar}
 25196 | Depths:2 | Reached XP level 26. HP: 142/178 MP: 34/34
 25408 | Depths:2 | Noticed a caustic shrike
 25428 | Depths:2 | Killed a caustic shrike
 25730 | Depths:3 | Found a one-way gate to the infinite horrors of the Abyss.
 25752 | Depths:3 | Voluntarily entered the Abyss.
 25868 | Abyss:2  | Found a radiant altar of Vehumet.
 25923 | Abyss:2  | Gained mutation: You sometimes lose your temper in combat.
                  | [a neqoxec]
 25935 | Abyss:2  | Gained mutation: You are clumsy. (Dex -2) [a neqoxec]
 25945 | Abyss:3  | Found a corrupted altar of Lugonu.
 26151 | Abyss:5  | Received a gift from Okawaru
 26158 | Abyss:5  | Noticed an ancient lich
 26160 | Abyss:5  | Killed an ancient lich
 26173 | Abyss:5  | Got an abyssal rune of Zot
 26205 | Depths:3 | Escaped the Abyss
 26337 | Depths:3 | Reached skill level 23 in Shields
 26625 | Pan      | Entered Pandemonium
 26628 | Pan      | Noticed Tuojec the pandemonium lord
 26653 | Pan      | Killed Tuojec the pandemonium lord
 26700 | Pan      | Received a gift from Okawaru
 26767 | Pan      | Reached XP level 27. HP: 72/251 MP: 28/34
 26866 | Pan      | Entered the realm of Gloorx Vloq.
 27060 | Pan      | Received a gift from Okawaru
 27276 | Pan      | Noticed Gloorx Vloq
 27300 | Pan      | Killed Gloorx Vloq
 27346 | Pan      | Got a dark rune of Zot
 27455 | Pan      | Learned a level 6 spell: Statue Form
 27538 | Pan      | Noticed Omoigous the pandemonium lord
 27560 | Pan      | Killed Omoigous the pandemonium lord
 27686 | Pan      | Entered the realm of Mnoleg.
 27688 | Pan      | Lost mutation: You are clumsy. (Dex -2) [a neqoxec]
 27704 | Pan      | Paralysed by a floating eye for 2 turns
 27731 | Pan      | Received a gift from Okawaru
 27745 | Pan      | Gained mutation: You are occasionally teleported next to
                  | monsters. [a neqoxec]
 27756 | Pan      | Noticed Mnoleg
 27805 | Pan      | Killed Mnoleg
 27830 | Pan      | Reached skill level 5 in Earth Magic
 27831 | Pan      | Reached skill level 5 in Spellcasting
 27848 | Pan      | Reached skill level 5 in Transmutations
 27861 | Pan      | Lost mutation: You are occasionally teleported next to
                  | monsters. [a neqoxec]
 27876 | Pan      | Got a glowing rune of Zot
 27906 | Pan      | Gained mutation: Armour fits poorly on your strangely
                  | shaped body. [a neqoxec]
 27907 | Pan      | Gained mutation: You are frail. (-10% HP) [a neqoxec]
 27972 | Pan      | Entered the realm of Cerebov.
 28239 | Pan      | Lost mutation: You sometimes lose your temper in combat.
                  | [potion of mutation]
 28239 | Pan      | Lost mutation: You have a pair of small antennae on your
                  | head. [potion of mutation]
 28239 | Pan      | Gained mutation: You have hidden genetic potential. [potion
                  | of mutation]
 28239 | Pan      | Gained mutation: You possess an exceptional clarity of
                  | mind. [potion of mutation]
 28239 | Pan      | Gained mutation: Your mind is acute. (Int +4, Str/Dex -1)
                  | [potion of mutation]
 28273 | Pan      | Found the +6 sword of Cerebov {flame}
 28273 | Pan      | Noticed Cerebov
 28322 | Pan      | Killed Cerebov
 28331 | Pan      | Got a fiery rune of Zot
 28369 | Pan      | Learned a level 2 spell: Wereblood
 28415 | Pan      | Identified the +2 giant spiked club of Kutwoaqee {vorpal,
                  | Str+4}
 28416 | Pan      | Identified the +0 pair of boots "Kefodim" {-Cast Harm rC+
                  | Will+}
 28464 | Pan      | Reached skill level 24 in Shields
 28487 | Pan      | Entered the realm of Lom Lobon.
 28556 | Pan      | Identified the +1 robe "Ylydd" {rElec Int+5 Dex+3} (Okawaru
                  | gifted it to you in Pandemonium)
 28556 | Pan      | Received a gift from Okawaru
 28628 | Pan      | Noticed Lom Lobon
 28655 | Pan      | Killed Lom Lobon
 28692 | Pan      | Got a magical rune of Zot
 28910 | Pan      | Noticed Cuesk the pandemonium lord
 28945 | Pan      | Killed Cuesk the pandemonium lord
 28996 | Pan      | Found an exit through the horrors of the Abyss.
 29115 | Pan      | Noticed Qukhu the pandemonium lord
 29134 | Pan      | Killed Qukhu the pandemonium lord
 29277 | Pan      | Noticed Xazarue the pandemonium lord
 29296 | Pan      | Lost mutation: Armour fits poorly on your strangely shaped
                  | body. [a cacodemon]
 29526 | Pan      | Identified the +2 scale mail "Beigguc" {Regen+} (Okawaru
                  | gifted it to you in Pandemonium)
 29526 | Pan      | Received a gift from Okawaru
 29552 | Pan      | Gained mutation: Your body sometimes deteriorates upon
                  | taking damage. [a neqoxec]
 29702 | Pan      | Noticed Vuteox the pandemonium lord
 29722 | Pan      | Killed Vuteox the pandemonium lord
 29757 | Pan      | Gained mutation: You expend magic power (3 MP) to
                  | strengthen your wands. [hidden potential]
 29788 | Pan      | Found a transporter.
 29793 | Pan      | Found a transporter.
 29806 | Pan      | Found a transporter.
 29823 | Pan      | Found a transporter.
 29838 | Pan      | Found a transporter.
 29842 | Pan      | Identified the amulet "Guejawil" {Reflect Harm rF+ SH+5}
 29872 | Pan      | Found an exit through the horrors of the Abyss.
 30026 | Pan      | Gained mutation: You are strong-willed. (Will+) [a
                  | cacodemon]
 30245 | Pan      | Gained mutation: You occasionally shout uncontrollably at
                  | your foes. [a cacodemon]
 30254 | Pan      | Found an exit through the horrors of the Abyss.
 30677 | Pan      | Received a gift from Okawaru
 30735 | Pan      | Noticed With the pandemonium lord
 30758 | Pan      | Killed With the pandemonium lord
 30916 | Pan      | Found an exit through the horrors of the Abyss.
 31026 | Pan      | Noticed Keicvamp the pandemonium lord
 31044 | Pan      | Killed Keicvamp the pandemonium lord
 31133 | Pan      | Found an exit through the horrors of the Abyss.
 31146 | Pan      | Identified the +3 troll leather armour of Depression
                  | {Regen+ rCorr MP+9} (Okawaru gifted it to you in
                  | Pandemonium)
 31146 | Pan      | Received a gift from Okawaru
 31165 | Pan      | Gained mutation: Armour fits poorly on your strangely
                  | shaped body. [a cacodemon]
 31223 | Pan      | Reached skill level 10 in Transmutations
 31223 | Pan      | Reached skill level 10 in Earth Magic
 31260 | Pan      | Noticed Deleebro the pandemonium lord
 31265 | Pan      | Reached skill level 10 in Spellcasting
 31296 | Pan      | Killed Deleebro the pandemonium lord
 31325 | Pan      | Found a runed translucent door.
 31344 | Pan      | Got a demonic rune of Zot
 31484 | Pan      | Noticed Ricukhoz the pandemonium lord
 31487 | Pan      | Reached skill level 25 in Shields
 31506 | Pan      | Killed from afar by Ricukhoz the pandemonium lord

Illustrated notes

Levels and vault maps discovered:
D:1:      psy_arrival_whirlpool, layout_basic,
          ebering_ecumenical_altar_petrified
D:2:      layout_rooms, nrook_loot_triangle
D:3:      layout_basic, mainiacjoe_overflow_concentric_impassable,
          dk_noncrumbling_3, grunt_decor_resistance, nicolae_eternal_life,
          kennysheep_flooded_box, uniq_crazy_yiuf_cottage
D:4:      layout_basic, serial_demonic, serial_demonic_e, serial_demonic_c,
          serial_demonic_b, serial_demonic_f, uniq_eustachio
D:5:      layout_basic, minitemple, mainiacjoe_overflow_swirl,
          yredelemnul_altar_generic, lightli_sewer_entry_pipes,
          uniq_prince_ribbit1
D:6:      layout_basic
D:7:      layout_basic, temple_green, pf_guarded_unrand_meek, uniq_menkaure
D:8:      layout_layer_cave, st_stairs_4, grunt_ministairs_12, uniq_pikel
D:9:      layout_small_grid, dpeg_oklobed_lair
D:10:     layout_roguey, serial_shops, nicolae_lakefront_shop,
          minmay_unpleasant_kobolds
D:11:     kennysheep_blocky_room, layout_basic, mrwooster_statue_mirror,
          kennysheep_pointless_box, patterned_corridor
D:12:     minmay_dotted_concentric_squares, layout_small_grid,
          okawaru_altar_gauntlet_db, uniq_josephine
D:13:     layout_irregular_city, uniq_sonja
D:14:     nooodl_glass_maze, layout_layer_cave, erik_vaults_1,
          hangedman_decor_opposing, uniq_azrael
D:15:     grunt_enter_depths_giant_problem, layout_loops_cross, serial_shops,
          shop, nicolae_qazlal_style_of_elements,
          minmay_fractal_squares_gapless_7
Temple:   hellmonk_temple_rainy
Lair:1:   layout_cave_pods, serial_rivers, chequers_serial_rivers_large_a,
          chequers_serial_rivers_small_b, chequers_serial_rivers_micro_a,
          chequers_serial_rivers_micro_e, chequers_serial_rivers_room_b,
          chequers_serial_rivers_small_3, worms_lemuel, serial_bayou_shore_b,
          serial_bayou_shore_a, uniq_maggie
Lair:2:   layout_hall_layers
Lair:3:   layout_loops_ring, nicolae_swamp_entry_splash_gauntlet,
          minmay_snake_entry_guardpost_small, nicolae_quartered_pool_medium,
          beast_lair_carwin_1
Lair:4:   layout_cave_shapes, nicolae_lair_run_with_the_wolves,
          lemuel_fruit_tree, grunt_megastairs_3
Lair:5:   cheibrodos_lair_end_hotspot, layout_gridlike,
          dpeg_slime_entry_enclosed, uniq_kirke
Swamp:1:  layout_basic_swamp, evilmike_swamp_ruin_house_5,
          infiniplex_staircase_pool
Swamp:2:  layout_basic_swamp, nicolae_swamp_treefoil
Swamp:3:  layout_basic_swamp, lemuel_altar_in_water2, swamp_pool4
Swamp:4:  swamp_fiery, layout_basic_swamp
Snake:1:  layout_layer_cave, serial_shops, shop, uniq_aizul, uniq_roxanne
Snake:2:  layout_gridlike, grunt_megastairs_1, uniq_jorgrun, uniq_frances
Snake:3:  layout_misc_corridors, serial_shops, shop, nicolae_take_the_stairs,
          grunt_megastairs_2, minmay_shop_star
Snake:4:  grunt_snake_rune_serpentine_throne, layout_misc_corridors,
          uniq_vashnia, uniq_louise, uniq_donald, uniq_bai_suzhen, uniq_asterion
Slime:1:  layout_caves
Slime:2:  layout_caves
Slime:3:  layout_caves, nicolae_slime_barrier
Slime:4:  layout_caves
Slime:5
Orc:1:    layout_caves, ebering_ghost_xom
Orc:2:    st_orc_pillars, layout_caves, nooodl_orcs_dogs, uniq_erolcha
Vaults:1: ontoclasm_vaults_twist, ontoclasm_vaults_ring_large,
          ontoclasm_vaults_decontamination, v_alt_pattern_1, v_misc_28,
          nicolae_vaults_specimen_jars, vaults_room_stairs_pillars,
          v_alt_pattern_3, vaults_room_grunt_arrival_ludios,
          nicolae_vaults_border_crossing, v_misc_27, st_cells,
          nicolae_vaults_mini_display_case, grunt_vaults_hallway_short,
          layout_vaults_omnibox, serial_shops, nicolae_shop_waterfront,
          nicolae_shop_behind_doors, shop, uniq_zenata
Vaults:2: vaults_room_large_hall, v_misc_26, nicolae_vaults_little_squares_2,
          minmay_crypt_entry_vampire_xt, hangedman_vaults_maws,
          nicolae_vaults_ninety_degrees, nicolae_vaults_three_branches,
          nicolae_vaults_little_squares_4, hangedman_vaults_trim,
          layout_vaults_maze_snakey, serial_shops, bzr_entry_road
Vaults:3: hangedman_vaults_capsules, v_misc_24, grunt_vaults_focal,
          vaults_dpeg_spiral, v_misc_26, layout_vaults_quadrants,
          nicolae_trove_entry_columns, uniq_jory, uniq_mara, uniq_frederick
Vaults:4: infiniplex_enter_wizlab_spiral, v_pattern_4, hangedman_vaults_pinch,
          grunt_vaults_twisty, v_misc_22, vaults_room_corners,
          grunt_vaults_trifunnel, nicolae_vaults_little_squares_6,
          layout_vaults_omnicross, serial_shops, shop
Vaults:5
Depths:1: kennysheep_cluttered_fort, layout_honeycomb,
          nicolae_ru_the_path_less_chosen, hell_entry, rand_demon_pan_entry_1,
          minmay_multi_spiral
Depths:2: cheibrodos_salmonella, layout_twisted_cross,
          grunt_pan_entry_in_and_out, hangedman_geh_valley, wad_floor_pattern_2,
          lemuel_flamethrower_3, infiniplex_staircase_zigzag_3, firewood_loft
Depths:3: minmay_eyes, layout_cave_shapes, hell_entry, minmay_room_of_horrors,
          serial_sigils_hangedman_writhe, rand_demon_pan_entry_8,
          feat_on_display
Pan:      evilmike_mini_pan_diamond, layout_basic, evilmike_gloorx_vloq_box,
          layout_basic, nicolae_pan_sigil_eeng, rand_demon_6, layout_gridlike,
          pan_blood_fountain_small, pan_blood_fountain, nicolae_pan_sigil_obb,
          nicolae_pan_diamonds, layout_stronghold, mnoleg_grunt,
          layout_stronghold, pan_blood_fountain, pan_blood_fountain_small,
          cerebov, layout_grid_shapes, lom_lobon_st, layout_basic,
          pan_blood_fountain_2, rand_demon_1, layout_basic, rand_demon_2,
          layout_gridville, pan_blood_fountain, nicolae_pan_glass_arcs,
          layout_basic, evilmike_mini_pan_pillars, layout_rooms,
          pan_blood_fountain_small, nicolae_pan_hourglass,
          layout_cellular_growth, nicolae_pan_sigil_nadil, gammafunk_the_bubble
          [the_bubble_gammafunk_roulette], layout_gridlike,
          nicolae_pan_gloorx_vloqian_2, grunt_pan_zigzag, layout_pan_divisions_b
          [pan_division_quadrant_b3, pan_division_quadrant_b2,
          pan_division_quadrant_b6, pan_division_quadrant_b6],
          evilmike_mini_pan_3x3, layout_onion_city,
          regret_index_pan_draining_boxed, layout_grid_shapes,
          grunt_pan_sceptre, layout_chambers

Skill      XL: |  1  2  3  4  5  6  7  8  9 10 11 12 13 14 15 16 17 18 19 20 21 22 23 24 25 26 27 |
---------------+----------------------------------------------------------------------------------+-----
Armour         | 4 5 6 7 9 10 11 12 13 14 15 16 17 18 19 20 21 22 23 24 | 24.9
Shields        | 4 5 6 7 9 10 11 12 13 14 15 16 17 18 19 20 21 22 23 25 | 25.0
Axes           | 3 4 5 6 7 8 10 11 12 13 14 15 16 17 18 19 20 21 22 23 24 | 24.8
Fighting       | 4 5 6 7 8 9 10 11 12 13 14 15 16 17 18 19 20 21 23 | 23.1
Invocations    | 2 5 7 9 10 12 13 14 | 14.0
Dodging        | 4 6 8 10 11 13 14 15 16 17 18 19 20 | 20.4
Spellcasting   | 10 | 10.2
Transmutations | 10 | 10.3
Earth Magic    | 10 | 10.3

Action                   |  1- 3 |  4- 6 |  7- 9 | 10-12 | 13-15 | 16-18 | 19-21 | 22-24 | 25-27 || total
-------------------------+-------+-------+-------+-------+-------+-------+-------+-------+-------++-------
Melee: War axe           |    86 |    63 |       |       |       |   439 |  1143 |  1072 |   666 ||  3469
       Hand axe          |       |    44 |   227 |   491 |   733 |   377 |       |       |       ||  1872
       Headbutt          |       |       |       |       |       |       |       |    27 |   112 ||   139
       Broad axe         |       |       |       |       |       |       |       |       |  2112 ||  2112
Throw: Throwing net      |       |       |       |       |       |       |     1 |       |       ||     1
 Cast: Apportation       |       |       |       |       |       |       |       |       |    15 ||    15
       Wereblood         |       |       |       |       |       |       |       |       |     4 ||     4
Invok: Heroism           |       |       |       |     9 |    14 |    17 |    18 |    15 |    38 ||   111
       Finesse           |       |       |       |     3 |     4 |     7 |     4 |     4 |    22 ||    44
Evoke: Wand              |       |       |       |     9 |     6 |     7 |     4 |    14 |     4 ||    44
  Use: Scroll            |       |       |     8 |    10 |     4 |     5 |     2 |     5 |    25 ||    59
       Potion            |       |       |     2 |     3 |     3 |     7 |     3 |     5 |    25 ||    48
 Stab: Invisible         |       |       |       |     3 |    18 |     6 |       |     3 |     3 ||    33
       Held in net/web   |       |       |       |       |       |       |     5 |       |       ||     5
       Petrified         |       |       |       |       |       |       |     2 |       |       ||     2
       Confused          |       |       |       |       |       |       |       |       |     3 ||     3
Armor: Scale mail        |    62 |    53 |    41 |       |       |       |       |       |       ||   156
       Chain mail        |       |       |    50 |    84 |       |       |       |       |       ||   134
       Plate armour      |       |       |       |   147 |   185 |   174 |       |       |       ||   506
       Crystal plate arm |       |       |       |       |       |    93 |   718 |   480 |   753 ||  2044
       Skin              |       |       |       |       |       |       |       |       |    67 ||    67
Dodge: Dodged            |    45 |    36 |    49 |    98 |   195 |   292 |   507 |   342 |   688 ||  2252
Block: Buckler           |    19 |    29 |       |       |       |       |       |       |       ||    48
       Kite shield       |       |       |   127 |   341 |   580 |   696 |  1094 |  1052 |  2092 ||  5982
